Map: Ultralove

Players

nonamewind

  • Race: Zerg Zerg
  • League: Platinum
  • Spawn Location: 1:00

llllllllllll - Winner!

  • Race: Zerg Zerg
  • League: Platinum
  • Spawn Location: 7:00

VOD

Have the link to the VOD?

Description

Time

  • Played on: April 25, 2025, 6:27 a.m.
  • Length: 3:19
Show
View Real Time Build Order
Export as new Build Order

nonamewind Zerg 

Build Orders: Hatch First 

Get SALT Encoding   

  12  0:00  Drone  
  13  0:13  Overlord  
  13  0:17  Drone  
  14  0:32  Drone x2  
  16  0:35  Drone  
  17  0:53  Hatchery  
  17  0:56  Drone  
  17  1:07  Extractor  
  17  1:08  Drone x2  
  18  1:24  Drone  
  19  1:26  Spawning Pool  
  19  1:29  Drone  
  19  1:40  Drone  
  20  1:50  Drone  
  21  2:06  Drone  
  22  2:10  Drone  
  22  2:14  Queen  
  25  2:19  Baneling Nest  
  24  2:22  Queen  
  24  2:23  Drone  
  24  2:29  Overlord  
  27  2:35  Drone  
  28  2:47  Overlord  
  28  2:56  Zergling x2  
  28  2:57  Zergling x2  
  30  3:04  Roach Warren  
  29  3:06  Drone, Evolution Chamber  
Show
View Real Time Build Order
Export as new Build Order

llllllllllll Zerg - Winner!

Build Orders: Hatch First 

Get SALT Encoding   

  12  0:00  Drone  
  13  0:08  Drone  
  14  0:14  Extractor  
  14  0:15  Drone  
  15  0:35  Hatchery  
  15  0:37  Extractor  
  15  0:40  Drone  
  14  0:57  Spawning Pool  
  14  1:00  Drone  
  14  1:10  Overlord  
  14  1:43  Metabolic Boost  
  14  1:44  Zergling x6  
  17  1:47  Queen  
  17  1:51  Zergling x2  
  20  1:57  Zergling x2  
  21  2:01  Zergling x2  
  21  2:07  Zergling x2  
  23  2:12  Overlord  
  23  2:17  Zergling x2  
  23  2:21  Zergling x2  
  25  2:29  Zergling x2  
  26  2:32  Zergling x2  
  27  2:38  Zergling x2  
  27  2:42  Zergling x2  
  29  2:51  Zergling x2  
  29  2:52  Zergling x2  
  29  2:57  Zergling x6  
  34  3:02  Zergling x2  
Tags
 
Add a new tag
Caveats
  • Supply blocks, unpowered buildings, or Contaminate may cause inaccurate times.
  • Supply counts are checked every 10 seconds.